Map: Kairos Junction LE

Players

Trizztein

  • Race: Terran Terran
  • League: Master
  • Spawn Location: 11:00

A.I. 1 (Easy) - Winner!

  • Race: Terran Terran
  • Spawn Location: 5:00

VOD

Have the link to the VOD?

Description

Time

  • Played on: May 10, 2019, 8:04 p.m.
  • Length: 10:33
Show
View Real Time Build Order
Export as new Build Order

Trizztein Terran 

Build Orders: 1/1/1 

Get SALT Encoding   

  12  0:01  SCV  
  13  0:13  SCV  
  14  0:17  Supply Depot  
  14  0:25  SCV  
  15  0:28  Refinery  
  15  0:39  SCV  
  16  0:45  Barracks  
  16  0:51  SCV  
  17  0:57  Refinery  
  17  1:03  SCV  
  18  1:15  SCV  
  19  1:32  Reaper, Orbital Command  
  20  1:36  Factory  
  20  1:50  Supply Depot  
  20  1:57  SCV  
  21  2:04  Reaper  
  22  2:09  SCV  
  23  2:21  Hellion, Starport  
  25  2:28  SCV  
  26  2:32  Supply Depot  
  26  2:36  Reaper  
  27  2:40  SCV  
  27  2:43  Hellion  
  30  2:52  SCV  
  30  2:56  Starport Tech Lab  
  31  3:04  SCV  
  32  3:07  Factory Tech Lab  
  32  3:08  Barracks Reactor  
  32  3:16  Command Center  
  32  3:18  SCV  
  33  3:22  Raven  
  35  3:29  Supply Depot  
  35  3:30  SCV  
  36  3:38  Cyclone  
  39  3:50  Marine x2, SCV  
  39  3:54  Supply Depot  
  43  4:02  SCV  
  43  4:05  Raven  
  43  4:08  Refinery  
  45  4:14  SCV  
  46  4:23  Marine x2  
  48  4:26  Siege Tank  
  48  4:27  SCV  
  48  4:30  Orbital Command  
  52  4:39  SCV  
  55  4:51  SCV  
  54  4:57  SCV  
  54  4:58  Viking x2  
  59  5:01  Marine  
  59  5:02  Stimpack  
  59  5:03  SCV  
  61  5:09  SCV  
  62  5:14  Barracks  
  62  5:15  SCV  
  62  5:17  Barracks  
  62  5:19  Marine  
  64  5:21  SCV  
  64  5:22  Siege Tank  
  64  5:27  SCV  
  69  5:28  Supply Depot  
  69  5:33  SCV  
  69  5:35  Supply Depot  
  70  5:50  SCV x2  
  70  5:53  Command Center  
  72  5:58  Marine  
  72  6:01  Barracks Reactor  
  72  6:02  SCV  
  72  6:03  Barracks Reactor  
  74  6:07  Supply Depot  
  74  6:12  Engineering Bay x2  
  74  6:16  Siege Tank  
  77  6:20  Viking  
  77  6:23  Viking  
  81  6:31  Marine  
  84  6:37  Barracks  
  84  6:38  Terran Infantry Weapons Level 1, Barracks  
  84  6:39  Terran Infantry Armor Level 1  
  82  6:41  Marine  
  83  6:47  Marine x2  
  83  6:48  Marine  
  83  6:52  Supply Depot  
  86  6:55  Marine  
  86  6:57  Supply Depot  
  86  7:00  Siege Tank  
  90  7:03  Combat Shield  
  90  7:04  Viking  
  92  7:08  Orbital Command  
  92  7:10  Marine  
  92  7:11  Marine  
  92  7:12  Marine  
  92  7:13  Marine  
  96  7:21  Supply Depot  
  96  7:23  Supply Depot  
  96  7:25  Barracks Reactor x2  
  96  7:29  Orbital Command  
  96  7:30  Marine x3, Refinery  
  96  7:31  Marine x2  
  101  7:38  SCV x2  
  103  7:46  Supply Depot  
  103  7:48  Supply Depot  
  103  7:49  Armory  
  103  7:50  SCV x2  
  105  7:53  Factory  
  105  7:55  SCV  
  106  8:01  Viking  
  106  8:02  SCV x2  
  106  8:03  Marine x4  
  106  8:04  Marine  
  115  8:09  Supply Depot  
  115  8:10  SCV  
  116  8:14  SCV x2  
  118  8:23  SCV  
  118  8:26  Supply Depot, SCV  
  120  8:27  Siege Tank  
  120  8:32  Marine x8  
  131  8:36  Factory Tech Lab  
  131  8:43  Refinery  
  131  8:44  SCV x2  
  131  8:45  SCV  
  134  8:50  Refinery  
  134  8:56  Marine x7, SCV x2  
  134  8:59  Marine x2  
  145  9:03  Siege Tank  
  145  9:06  Siege Tank  
  145  9:08  SCV  
  145  9:09  SCV x2  
  154  9:17  Marine x2  
  154  9:18  Marine x4  
  154  9:19  Marine  
  154  9:20  SCV  
  154  9:21  SCV x2  
  154  9:23  Supply Depot  
  164  9:28  Supply Depot  
  164  9:32  SCV  
  164  9:34  Medivac x2  
  164  9:35  Siege Tank  
  172  9:40  Supply Depot, Marine  
  172  9:44  Marine x5  
  178  9:59  Starport, Command Center  
  178  10:02  Starport  
Show
View Real Time Build Order
Export as new Build Order

A.I. 1 (Easy) Terran - Winner!

Build Orders:  

Get SALT Encoding   

  12  0:00  SCV  
  13  0:13  SCV  
  14  0:19  Supply Depot  
  14  0:25  SCV  
  15  0:40  SCV  
  16  0:43  Barracks  
  16  1:09  Command Center  
  16  1:30  Marine  
  17  1:34  Supply Depot, Orbital Command  
  17  1:43  Refinery  
  17  1:48  Marine  
  17  1:53  Refinery  
  18  2:00  SCV  
  19  2:06  Marine  
  20  2:12  SCV  
  21  2:24  SCV  
  21  2:25  Barracks Tech Lab, SCV  
  23  2:36  SCV  
  24  2:37  SCV  
  24  2:43  Marine  
  26  2:48  SCV  
  27  2:52  SCV  
  28  3:00  SCV  
  29  3:05  Refinery  
  29  3:06  Reaper, SCV  
  32  3:12  SCV  
  32  3:18  SCV  
  33  3:21  Refinery  
  33  3:26  SCV  
  34  3:28  Supply Depot  
  34  3:30  SCV  
  35  3:38  Marine, SCV  
  36  3:43  SCV  
  37  3:50  SCV  
  38  3:56  SCV  
  38  3:57  Supply Depot, Marauder  
  41  4:02  SCV  
  41  4:08  SCV  
  43  4:18  SCV  
  43  4:19  Marauder  
  43  4:21  Supply Depot  
  43  4:23  SCV  
  47  4:29  Factory  
  47  4:30  SCV  
  48  4:42  Marauder, SCV  
  50  4:46  SCV  
  51  4:54  SCV  
  51  4:58  SCV  
  53  5:04  Supply Depot  
  53  5:05  Marauder  
  53  5:06  SCV  
  56  5:10  SCV  
  57  5:15  Starport  
  57  5:18  SCV  
  58  5:23  SCV  
  58  5:28  Marauder  
  61  5:30  SCV  
  61  5:32  Supply Depot  
  61  5:35  SCV  
  63  5:43  SCV  
  63  5:47  SCV  
  65  5:50  Marine  
  65  5:51  Starport Tech Lab  
  65  5:55  SCV  
  67  6:10  Raven  
  69  6:13  Marine  
  70  6:36  Reaper  
  71  6:52  Raven  
  73  7:08  Marine  
  74  10:03  Command Center  
Tags
 
League
Master
Matchup
TvT
Opening
1/1/1
Race
Terran
Spawn Locations
Cross Positions
Add a new tag
Caveats
  • Supply blocks, unpowered buildings, or Contaminate may cause inaccurate times.
  • Supply counts are checked every 10 seconds.